 Dungeon Crawl Stone Soup version 0.20-a0-788-g5cc1a67 (webtiles) character file.

3022 Minion the Cleaver (level 9, -2/74 HPs)
             Began as a Minotaur Abyssal Knight on Feb 28, 2017.
             Was an Elder of Lugonu.
             Slain by Gastronok (28 damage)
             ... on level 8 of the Dungeon.
             The game lasted 00:19:08 (8265 turns).

Minion the Cleaver (Minotaur Abyssal Knight)        Turns: 8265, Time: 00:19:08

Health: -2/74      AC: 17    Str: 20    XL:     9   Next: 55%
Magic:  12/12      EV:  7    Int:  9    God:    Lugonu [****..]
Gold:   320        SH:  4    Dex: 10    Spells: 8/8 levels left

rFire    . . .     SeeInvis .   b - +2 battleaxe
rCold    + . .     Gourm    .   C - +0 plate armour
rNeg     . . .     Faith    .   (shield currently unavailable)
rPois    .         Spirit   .   (helmet restricted)
rElec    .         Reflect  +   E - +0 cloak
rCorr    .         Harm     .   K - +1 pair of gloves
MR       .....                  (no boots)
Stlth    ..........             G - +4 amulet of reflection
Regen    0.3/turn               J - ring of protection from cold
MPRegen  0.2/turn               w - +1 ring of slaying

@: no status effects
A: retaliatory headbutt, horns 2, blurry vision 1, evolution 1
a: Depart the Abyss, Bend Space, Banish, Corrupt, Renounce Religion


You were on level 8 of the Dungeon.
You worshipped Lugonu.
Lugonu was greatly pleased with you.
You were not hungry.

You visited 1 branch of the dungeon, and saw 8 of its levels.
You visited the Abyss 1 time.

You collected 320 gold pieces.

Inventory:

Hand Weapons
 b - a +2 battleaxe (weapon)
Armour
 C - a +0 plate armour (worn)
 E - a +0 cloak (worn)
 K - a +1 pair of gloves (worn)
Jewellery
 w - a +1 ring of slaying (left hand)
 G - a +4 amulet of reflection (around neck)
 J - a ring of protection from cold (right hand)
Wands
 n - a wand of polymorph (3/24)
 p - a wand of confusion (22/48)
 A - a wand of digging (13/24)
 F - a wand of acid (4/15)
Scrolls
 d - 4 scrolls of remove curse
 g - 3 scrolls of identify
 i - 3 scrolls of teleportation
 k - 4 scrolls of amnesia
 q - 3 scrolls of enchant weapon
 t - a scroll of magic mapping
 y - 2 scrolls of enchant armour
Potions
 a - a potion of heal wounds
 e - a potion of haste
 f - a potion of cancellation
 h - 4 potions of might
 s - a potion of brilliance
 v - a potion of curing
 B - 4 potions of mutation
 D - 2 potions of lignification
Comestibles
 c - 6 bread rations
 j - 10 meat rations
 r - 10 fruits


   Skills:
 - Level 5.0 Fighting
 + Level 10.5 Axes
 + Level 8.8 Armour
 - Level 3.0 Dodging
 + Level 6.3 Invocations


You had 8 spell levels left.
You didn't know any spells.

Dungeon Overview and Level Annotations

Branches:
Dungeon (8/15)             Temple (0/1) D:6            Lair (0/6) D:8

Altars:
Ashenzari
Sif Muna
Trog
Vehumet

Annotations:
D:8 Gastronok


Innate Abilities, Weirdness & Mutations

You reflexively headbutt those who attack you in melee.
You have a pair of horns on your head.
Scrolls take you a little longer to read.
You evolve.


Message History

You slash Gastronok!
Gastronok is heavily wounded.
Gastronok glows a brilliant shade of cerise.
You hit Gastronok.
Gastronok is heavily wounded.
You slash Gastronok! You headbutt Gastronok!
Gastronok is heavily wounded.
Gastronok waves his eye-stalks in wide circles.
The air twists around and strikes you!
You hit Gastronok.
Gastronok is severely wounded.
You completely miss Gastronok. You headbutt Gastronok.
Gastronok is severely wounded.
Gastronok waves his eye-stalks in wide circles.
The air twists around and strikes you!
You are too injured to fight recklessly!
You slash Gastronok!
Gastronok is severely wounded.
Gastronok bites you!!
You die...

#.#........... .....##.......#
...<........#.##..>.##.......##
#....##...^.........+..........
+....+ .............##.........
#....# ....%.........+........
#....# .............##........
#..... .........#.......#
#....# .##.....#.####..####
#..... #...#@#.#........#
..#....w#..........#
..#.....#)#...........
........###....)......
......................
...................#.(.
..##....[..........#...
.........###(......# ..
.........# ..........


You could see Gastronok.

Vanquished Creatures
  Pikel (D:6)
  The ghost of lupus83 the Poker, a novice OpFi (D:4)
  Prince Ribbit (D:6)
  Edmund (D:5)
  A slave (D:6)
  An ice beast (D:6)
  3 phantoms
  A black bear (D:6)
  An ogre (D:6)
  A centaur (D:7)
  A big kobold (D:7)
  Blork the orc (D:4)
  4 bullfrogs
  A water moccasin zombie (D:7)
  4 scorpions
  3 wights (D:6)
  A crimson imp (D:6)
  A bullfrog zombie (D:6)
  2 orc priests
  2 orc wizards
  A centaur skeleton (D:7)
  2 iguanas
  4 worker ants
  A hound skeleton (D:4)
  7 gnolls
  8 adders
  An ooze (D:2)
  An adder zombie (D:7)
  An adder skeleton (D:6)
  5 dart slugs
  3 worms
  5 leopard geckos
  14 orcs
  A ball python (D:3)
  15 bats
  10 giant cockroaches
  4 goblins
  6 hobgoblins
  9 jackals
  6 quokkas
  10 frilled lizards
  A jackal skeleton (D:4)
  13 kobolds
  12 rats
172 creatures vanquished.

Vanquished Creatures (others)
  2 slaves (D:6)
  7 fungi (D:6)
9 creatures vanquished.

Grand Total: 181 creatures vanquished

Notes
Turn   | Place    | Note
-------+----------+-------------------------------------------
     0 | Abyss:1  | Minion the Minotaur Abyssal Knight began the quest for the Orb.
     0 | Abyss:1  | Reached XP level 1. HP: 19/19 MP: 1/1
    30 | D:1      | Escaped the Abyss
    96 | D:1      | Reached skill level 3 in Axes
   148 | D:1      | Reached XP level 2. HP: 20/26 MP: 2/2
   391 | D:1      | Reached skill level 4 in Axes
   508 | D:1      | Reached ** piety under Lugonu
   611 | D:1      | Reached XP level 3. HP: 30/31 MP: 3/3
  1122 | D:2      | Reached skill level 5 in Axes
  1128 | D:2      | Reached XP level 4. HP: 29/39 MP: 4/4
  1975 | D:2      | Reached skill level 6 in Axes
  2221 | D:3      | Noticed a bullfrog
  2229 | D:3      | Killed a bullfrog
  2229 | D:3      | Reached XP level 5. HP: 14/45 MP: 5/5
  2741 | D:3      | Found a deep blue altar of Sif Muna.
  3001 | D:3      | Reached *** piety under Lugonu
  3510 | D:4      | Noticed Blork the orc
  3511 | D:4      | Noticed lupus83's ghost (novice OpFi)
  3996 | D:4      | Reached skill level 7 in Axes
  4094 | D:4      | Reached XP level 6. HP: 52/52 MP: 6/6
  4108 | D:4      | Found a shattered altar of Ashenzari.
  4128 | D:4      | Killed Blork the orc
  4388 | D:4      | Killed lupus83's ghost
  4388 | D:4      | Reached skill level 5 in Fighting
  4388 | D:4      | Reached XP level 7. HP: 26/61 MP: 7/7
  4732 | D:5      | Entered Level 5 of the Dungeon
  4869 | D:5      | Noticed Edmund
  4888 | D:5      | Killed Edmund
  4974 | D:5      | Found a bloodstained altar of Trog.
  4987 | D:5      | Reached skill level 8 in Axes
  5070 | D:5      | Got a faintly glowing robe
  5123 | D:5      | Identified the +2 robe "Xir Vawk" {rF+ SInv} (You found it on level 5 of the Dungeon)
  5200 | D:5      | Reached skill level 5 in Armour
  5676 | D:6      | Reached **** piety under Lugonu
  5706 | D:6      | Reached XP level 8. HP: 67/68 MP: 9/9
  5843 | D:6      | Found a staircase to the Ecumenical Temple.
  5927 | D:6      | Noticed Pikel
  5979 | D:6      | Killed Pikel
  5979 | D:6      | Reached skill level 9 in Axes
  6339 | D:6      | Reached skill level 5 in Invocations
  6352 | D:6      | Reached XP level 9. HP: 48/74 MP: 11/11
  6529 | D:6      | Noticed Prince Ribbit
  6546 | D:6      | Killed Prince Ribbit
  6561 | D:6      | Reached skill level 10 in Axes
  6757 | D:6      | Gained mutation: Scrolls take you a little longer to read. [potion of mutation]
  6757 | D:6      | Gained mutation: You evolve. [potion of mutation]
  7497 | D:7      | Found a radiant altar of Vehumet.
  7807 | D:8      | Noticed a two-headed ogre
  8248 | D:8      | Found a staircase to the Lair.
  8251 | D:8      | Noticed Gastronok
  8265 | D:8      | Slain by Gastronok

Vault maps used:
D:1:      kennysheep_arrival_seaside
D:3:      first_bread, minmay_misc_feat_encased, tgw_sif
D:4:      minmay_misc_feat_doors, ashenzari_altar_1, uniq_blork_the_orc
D:5:      trog_butcher_becter, uniq_edmund
D:6:      old_forge, temple_green, uniq_prince_ribbit1, uniq_pikel
D:7:      old_standard_altar
D:8:      kennysheep_windowed_halls, lair_entry_dummy, uniq_gastronok,
          uniq_maurice

Skill      XL: |  1  2  3  4  5  6  7  8  9 |
---------------+----------------------------+-----
Axes           | 3 4 5 6 7 8 9 10 | 10.5
Armour         | 3 4 5 7 8 |  8.8
Fighting       | 5 |  5.0
Dodging        | 2 3 |  3.0
Invocations    | 3 5 6 |  6.3

Action                   |  1- 3 |  4- 6 |  7- 9 || total
-------------------------+-------+-------+-------++-------
Melee: Hand axe          |    90 |   144 |   218 ||   452
       Headbutt          |     7 |    21 |    54 ||    82
       Battleaxe         |       |       |   145 ||   145
Invok: Bend Space        |       |       |     1 ||     1
  Use: Scroll            |       |     2 |    17 ||    19
       Potion            |       |       |     4 ||     4
  Eat: Chunk             |     1 |    10 |     9 ||    20
       Meat ration       |       |       |     1 ||     1
       Royal jelly       |       |       |     1 ||     1
Armor: Leather armour    |    29 |    20 |       ||    49
       Ring mail         |       |    17 |       ||    17
       Plate armour      |       |    11 |   196 ||   207
Dodge: Dodged            |    53 |    91 |   103 ||   247
Block: Other             |       |       |     4 ||     4
